 Dungeon Crawl Stone Soup version 0.18-a0-1197-g8004e50 (webtiles) character file.

403 Ghalim the Cudgeler (level 6, -10/40 HPs)
             Began as a Gargoyle Fighter on Jan 30, 2016.
             Mangled by an ice beast (13 damage)
             ... on level 5 of the Dungeon.
             The game lasted 00:06:23 (3005 turns).

Ghalim the Cudgeler (Gargoyle Fighter)              Turns: 3005, Time: 00:06:24

Health: -10/40     AC: 11    Str: 27    XL:     6   Next: 86%
Magic:  6/6        EV:  7    Int:  8    God:
Gold:   166        SH:  9    Dex:  9    Spells: 0 memorised, 5 levels left

rFire  . . .     SeeInvis .     a - +0 flail
rCold  . . .     Gourm    .     b - +0 scale mail
rNeg   + . .     Faith    .     c - +0 shield
rPois  ∞         Spirit   .     (no helmet)
rElec  +         Dismiss  .     (no cloak)
rCorr  .         Reflect  .     (no gloves)
SustAt .         Harm     .     (no boots)
MR     .....                    (no amulet)
Stlth  ..........               (no ring)
                                (no ring)

@: mighty, not resistant to hostile enchantments, extremely unstealthy
A: negative energy resistance 1, electricity resistance, unbreathing,
petrification resistance, rot immunity, AC +4
a: no special abilities


You were on level 5 of the Dungeon.
You were not hungry.

You visited 1 branch of the dungeon, and saw 5 of its levels.

You collected 166 gold pieces.

Inventory:

Hand Weapons
 a - a +0 flail (weapon)
 y - a cursed -2 whip
Armour
 b - a +0 scale mail (worn)
 c - a +0 shield (worn)
 r - a +0 helmet
Jewellery
 l - an uncursed ring of see invisible {unknown}
 s - a +2 ring of dexterity {unknown}
 t - a cursed ring of loudness {unknown}
 E - an uncursed amulet of guardian spirit {unknown}
Wands
 F - a wand of confusion (20/48)
Scrolls
 e - 4 scrolls of remove curse {unknown}
 m - a scroll of fog {unknown}
 n - 3 scrolls of magic mapping {unknown}
 p - a scroll of amnesia {unknown}
 q - 2 scrolls of enchant weapon {unknown}
 u - 3 scrolls of identify {unknown}
 v - a scroll of enchant armour {unknown}
 w - 2 scrolls of teleportation {unknown}
 A - a scroll of random uselessness {unknown}
 C - a scroll of noise {unknown}
 D - a scroll of recharging {unknown}
Potions
 g - 3 potions of ambrosia {unknown}
 h - 2 potions of curing {unknown}
 i - a potion of cure mutation {unknown}
 j - a potion of magic {unknown}
 z - a potion of cancellation {unknown}
 B - a potion of mutation {unknown}
Comestibles
 f - 3 bread rations
 k - a royal jelly
 o - a meat ration
 x - a beef jerky


   Skills:
 + Level 5.4 Fighting
 * Level 5.8 Maces & Flails
 - Level 3.2 Armour
 - Level 3.2 Shields


You had 5 spell levels left.
You didn't know any spells.

Dungeon Overview and Level Annotations

Branches:
Dungeon (5/15)
 Temple: D:4-7

Altars:


Innate Abilities, Weirdness & Mutations

You are resistant to torment.
Your stone body is resilient (AC +4).
You are immune to poison.
You resist negative energy.
You are resistant to electric shocks.
You can survive without breathing.
You are immune to petrification.
You are immune to rotting.


Message History

The ice beast is almost dead.
You block the crimson imp's attack.
The ice beast hits you but does no damage.
The crimson imp hits you but does no damage.
You closely miss the ice beast.
The ice beast is almost dead.
The ice beast barely misses you. You block the crimson imp's attack.
You barely miss the ice beast.
The ice beast is almost dead.
The ice beast hits you. The ice beast freezes you!
* * * LOW HITPOINT WARNING * * *
The crimson imp hits you but does no damage.
You barely miss the ice beast.
The ice beast is almost dead.
The ice beast hits you but does no damage.
The crimson imp hits you but does no damage.
The ice beast hits you.
* * * LOW HITPOINT WARNING * * *
The ice beast freezes you!
You die...

#. # .. # #.#.
.# .#.###.
.§...#. #.#...
#.##Y# #.##@#
#.##5# # #.##.#
#.##.##.#
#.......#
####.##.##
...#####.#<..###
.............(..
.#######.#...###


You could see an ice beast and a crimson imp.

Vanquished Creatures
  A phantom (D:4)
  A centaur skeleton (D:5)
  An orc wizard (D:4)
  A hound (D:4)
  2 worker ants
  A hound zombie (D:4)
  6 adders
  2 oozes
  6 worms
  5 giant geckos
  12 orcs
  4 giant cockroaches
  9 goblins
  3 hobgoblins (D:2)
  6 kobolds
  3 ball pythons
  9 bats
  5 giant newts
  4 rats
81 creatures vanquished.

Notes
Turn   | Place    | Note
--------------------------------------------------------------
     0 | D:1      | Ghalim the Gargoyle Fighter began the quest for the Orb.
     0 | D:1      | Reached XP level 1. HP: 14/14 MP: 1/1
   114 | D:1      | Reached XP level 2. HP: 19/19 MP: 2/2
   344 | D:1      | Reached skill level 4 in Fighting
   519 | D:1      | Reached XP level 3. HP: 24/24 MP: 3/3
   911 | D:2      | Reached XP level 4. HP: 20/29 MP: 4/4
  1044 | D:2      | You fall through a shaft for 2 floors!
  1044 | D:4      | Noticed a phantom
  1146 | D:4      | Killed a phantom
  1146 | D:4      | Reached XP level 5. HP: 3/34 MP: 5/5
  1734 | D:2      | Reached skill level 5 in Fighting
  2005 | D:3      | Reached XP level 6. HP: 37/40 MP: 6/6
  2092 | D:3      | Reached skill level 5 in Maces & Flails
  2390 | D:4      | Noticed an ice beast
  2922 | D:5      | Entered Level 5 of the Dungeon
  2984 | D:5      | Noticed an ice beast
  3005 | D:5      | Mangled by an ice beast

Vault maps used:
D:1:      lightli_arrival_statuegarden, st_stairs_1
D:2:      amethyst_killhole
D:4:      first_bread, roderic_chinese_pattern_swastika
D:5:      serial_shops, nicolae_shop_behind_doors

Action                   |  1- 3 |  4- 6 || total
-------------------------+-------+-------++-------
Melee: Flail             |   124 |   221 ||   345
  Use: Potion            |       |     1 ||     1
  Eat: Chunk             |       |     7 ||     7
